 Dungeon Crawl Stone Soup version 0.23.2-1-ga50397a (webtiles) character file.

Game seed: 1932864847214685803

198 Fang the Skirmisher (level 5, -1/51 HPs)
             Began as a Gargoyle Berserker on May 8, 2019.
             Was a Believer of Trog.
             Killed by divine providence
             ... invoked by an orc priest
              (14 damage)
             ... on level 3 of the Dungeon.
             The game lasted 00:03:59 (2233 turns).

Fang the Skirmisher (Gargoyle Berserker)            Turns: 2233, Time: 00:04:00

Health: -1/51      AC: 15    Str: 26    XL:     5   Next: 76%
Magic:  0/5        EV:  8    Int:  8    God:    Trog [**....]
Gold:   152        SH:  0    Dex:  9    Spells: 4/4 levels left

rFire    . . .     SeeInvis .   a - +0 war axe
rCold    + . .     Gourm    .   (no shield)
rNeg     + . .     Faith    .   b - +0 plate armour
rPois    ∞         Spirit   +   (no helmet)
rElec    +         Reflect  .   (no cloak)
rCorr    .         Harm     .   (no gloves)
MR       +....                  (no boots)
Stlth    ..........             o - amulet of guardian spirit
HPRegen  0.17/turn              d - ring of protection from magic
MPRegen  0.09/turn              g - ring of protection from cold

@: berserking, very quick
A: negative energy resistance 1, electricity resistance, unbreathing,
petrification resistance, rot immunity, AC +4
a: Berserk, Trog's Hand, Renounce Religion


You were on level 3 of the Dungeon.
You worshipped Trog.
Trog was pleased with you.
You were very hungry.

You visited 1 branch of the dungeon, and saw 3 of its levels.

You collected 152 gold pieces.

Inventory:

Hand Weapons
 a - a +0 war axe (weapon)
Armour
 b - a +0 plate armour (worn)
Jewellery
 d - a ring of protection from magic (left hand)
 g - a ring of protection from cold (right hand)
 o - an amulet of guardian spirit (around neck)
Scrolls
 e - 2 scrolls of teleportation {unknown}
 f - 2 scrolls of amnesia {unknown}
 j - 3 scrolls of remove curse {unknown}
 k - 6 scrolls of identify {unknown}
 l - 2 scrolls of fog {unknown}
 m - a scroll of enchant weapon {unknown}
 p - 4 scrolls of enchant armour {unknown}
 s - a scroll of immolation {unknown}
Potions
 h - 3 potions of curing {unknown}
 n - 4 potions of flight {unknown}
 q - a potion of berserk rage {unknown}
 r - a potion of lignification {unknown}
 t - a potion of ambrosia {unknown}
Comestibles
 c - 6 rations
 i - 3 chunks of flesh


   Skills:
 + Level 4.4 Fighting
 + Level 3.6 Axes
 + Level 3.5 Armour
 + Level 2.7 Dodging


You had 4 spell levels left.
You didn't know any spells.
Your spell library was empty.

Dungeon Overview and Level Annotations

Branches:
Dungeon (3/15)

Altars:


Innate Abilities, Weirdness & Mutations

You are resistant to torment.
Your stone body is resilient. (AC +4)
You are immune to poison.
You resist negative energy. (rN+)
You are resistant to electric shocks. (rElec)
You can survive without breathing.
You are immune to petrification.
You are immune to rotting.


Message History

You are too injured to fight recklessly!
You are too injured to fight recklessly!
You are too injured to fight recklessly!
You are too injured to fight recklessly!
You are too injured to fight recklessly!
You are too injured to fight recklessly!
You are too injured to fight recklessly!
You are too injured to fight recklessly!
You are too injured to fight recklessly!
A red film seems to cover your vision as you go berserk!
You feel yourself moving faster!
You feel mighty!
You are feeling very hungry.
The kobold hits you but does no damage.
The orc priest hits you but does no damage.
You hit the kobold.
You kill the kobold!
Trog accepts your kill.
The orc priest invokes the aid of Beogh against you.
Beogh smites you!
You die...

#.##.#.#######.###.##....#
####'##.#.........#
#.##..###
#.......###########
#.##..### #.......#
..#..>..# #.......#
###.##### ######### #.#
####+###########.#
##....)..(......#.###
......)@.(..........#
.....o†.........#.#.#
......(.........#.#.#
....#############.#.# ...
#......#.# .. #.####...# .
#.# #.### #.# #.# #.# #.#


You could see an orc priest.

Vanquished Creatures
  2 orc wizards (D:3)
  3 gnolls (D:3)
  2 adders
  4 worms
  4 dart slugs (D:1)
  3 leopard geckos
  5 orcs (D:3)
  A ball python (D:1)
  3 giant cockroaches
  8 goblins
  4 hobgoblins
  6 jackals
  9 bats
  6 frilled lizards
  7 kobolds
  4 rats
71 creatures vanquished.

Notes
Turn   | Place    | Note
-------+----------+-------------------------------------------
     0 | D:1      | Fang the Gargoyle Berserker began the quest for the Orb.
     0 | D:1      | Reached XP level 1. HP: 14/14 MP: 1/1
    97 | D:1      | Reached XP level 2. HP: 4/19 MP: 2/2
   422 | D:1      | Reached XP level 3. HP: 13/23 MP: 3/3
  1022 | D:2      | Reached ** piety under Trog
  1147 | D:2      | Reached XP level 4. HP: 29/29 MP: 4/4
  1530 | D:3      | Reached skill level 4 in Fighting
  1740 | D:3      | Reached XP level 5. HP: 15/33 MP: 5/5
  2233 | D:3      | Killed from afar by an orc priest

Skill      XL: |  1  2  3  4 |
---------------+-------------+-----
Axes           | 3 |  3.6
Dodging        | 2 |  2.7
Fighting       | 4 |  4.4
Armour         | 3 |  3.5

Action                   |  1- 3 |  4- 6 || total
-------------------------+-------+-------++-------
Melee: Hand axe          |   138 |    40 ||   178
       War axe           |       |    32 ||    32
Invok: Berserk           |       |     3 ||     3
  Eat: Chunk             |     1 |     5 ||     6
Armor: Animal skin       |    65 |    10 ||    75
       Plate armour      |       |    28 ||    28
Dodge: Dodged            |   110 |    37 ||   147
